 Dungeon Crawl Stone Soup version 0.19.0-2-gae57169 (webtiles) character file.

277 dobroeutro the Covered (level 6, -2/39 HPs)
             Began as a Gargoyle Fighter on Nov 4, 2016.
             Was a Follower of Okawaru.
             Slain by a gnoll
             ... wielding a +0 halberd
              (12 damage)
             ... on level 4 of the Dungeon.
             The game lasted 00:02:34 (2664 turns).

dobroeutro the Covered (Gargoyle Fighter)           Turns: 2664, Time: 00:02:35

Health: -2/39      AC: 11    Str: 21    XL:     6   Next: 25%
Magic:  6/6        EV:  8    Int:  8    God:    Okawaru [*.....]
Gold:   203        SH:  9    Dex: 10    Spells: 0 memorised, 5 levels left

rFire  . . .     SeeInvis .     a - +0 flail
rCold  . . .     Gourm    .     b - +0 scale mail
rNeg   + . .     Faith    .     c - +0 shield
rPois  ∞         Spirit   .     (no helmet)
rElec  +         Reflect  .     (no cloak)
rCorr  .         Harm     .     (no gloves)
MR     .....                    (no boots)
Stlth  ..........               (no amulet)
                                (no ring)
                                m - ring of flight

@: no status effects
A: negative energy resistance 1, electricity resistance, unbreathing,
petrification resistance, rot immunity, AC +4
a: Heroism, Renounce Religion, Evoke Flight


You were on level 4 of the Dungeon.
You worshipped Okawaru.
Okawaru was aware of your devotion.
You were very hungry.

You visited 1 branch of the dungeon, and saw 4 of its levels.

You collected 203 gold pieces.

Inventory:

Hand Weapons
 a - a +0 flail (weapon)
Armour
 b - a +0 scale mail (worn)
 c - a +0 shield (worn)
Jewellery
 m - a ring of flight (left hand)
Scrolls
 e - a scroll of magic mapping {unknown}
 g - 2 scrolls of enchant weapon {unknown}
 i - a scroll of fear {unknown}
 l - 3 scrolls of teleportation {unknown}
 n - a scroll of random uselessness {unknown}
 p - 2 scrolls of identify {unknown}
 r - a scroll of fog {unknown}
 s - a scroll of recharging {unknown}
Potions
 d - a potion of might
 h - a potion of magic {unknown}
 k - a potion of degeneration {unknown}
 q - a potion of resistance {unknown}
 t - a potion of mutation {unknown}
Comestibles
 f - 2 bread rations
 j - 2 meat rations
 o - 2 beef jerkies


   Skills:
 + Level 4.3 Fighting
 * Level 4.2 Maces & Flails
 + Level 4.5 Armour
 + Level 1.9 Dodging
 - Level 3.2 Shields


You had 5 spell levels left.
You didn't know any spells.

Dungeon Overview and Level Annotations

Branches:
Dungeon (4/15)
 Temple: D:4-7

Altars:
Hepliaklqana
Okawaru
Uskayaw
Yredelemnul
Zin
The Shining One


Innate Abilities, Weirdness & Mutations

You are resistant to torment.
Your stone body is resilient. (AC +4)
You are immune to poison.
You resist negative energy. (rN+)
You are resistant to electric shocks. (rElec)
You can survive without breathing.
You are immune to petrification.
You are immune to rotting.


Message History

Okawaru accepts your kill. The gnoll barely misses you.
The worker ant bites you but does no damage.
The gnoll hits you but does no damage. You block the worker ant's attack.
There is a stone staircase leading up here.
You see here a club.
You block the worker ant's attack. You block the gnoll's attack.
The worker ant bites you but does no damage.
You hit the gnoll but do no damage. The gnoll hits you but does no damage.
You block the worker ant's attack.
You closely miss the gnoll.
The worker ant bites you but does no damage.
You block the gnoll's attack.
The worker ant bites you but does no damage.
You barely miss the gnoll. You block the gnoll's attack.
The worker ant barely misses you.
You hit the gnoll.
The gnoll is heavily wounded.
The gnoll hits you with a halberd!
You die...

### !.. #.# #
... ###.#
.####.###....
..........######
##.g@[......#
#...a<......#
#.###..###... #
#†.# #....
##.(.." ####.# #


You could see a worker ant and a gnoll.

Vanquished Creatures
  Natasha (twice) (D:2)
  An iguana (D:4)
  7 gnolls
  6 adders
  2 oozes
  2 worms
  A leopard gecko (D:1)
  4 giant cockroaches
  4 goblins
  9 hobgoblins
  3 jackals (D:2)
  7 kobolds
  2 quokkas (D:2)
  8 bats
  4 frilled lizards
  10 rats
72 creatures vanquished.

Notes
Turn   | Place    | Note
-------+----------+-------------------------------------------
     0 | D:1      | dobroeutro the Gargoyle Fighter began the quest for the Orb.
     0 | D:1      | Reached XP level 1. HP: 14/14 MP: 1/1
    66 | D:1      | Reached XP level 2. HP: 12/19 MP: 2/2
   650 | D:1      | Reached XP level 3. HP: 23/23 MP: 3/3
   974 | D:2      | Found an iron altar of Okawaru.
   987 | D:2      | Became a worshipper of Warmaster Okawaru
  1269 | D:2      | Found a glowing golden altar of the Shining One.
  1677 | D:2      | Reached skill level 1 in Dodging
  1677 | D:2      | Reached XP level 4. HP: 27/29 MP: 4/4
  1724 | D:3      | Noticed Natasha
  1736 | D:2      | Killed Natasha
  1769 | D:2      | Noticed Natasha
  1788 | D:2      | Killed Natasha
  2002 | D:3      | Reached XP level 5. HP: 33/33 MP: 5/5
  2105 | D:3      | Found a faded altar of an unknown god.
  2194 | D:3      | Found a basalt altar of Yredelemnul.
  2194 | D:3      | Found a hide-covered altar of Uskayaw.
  2195 | D:3      | Found a hazy altar of Hepliaklqana.
  2449 | D:3      | Found a glowing silver altar of Zin.
  2645 | D:4      | Reached * piety under Okawaru
  2645 | D:4      | Reached XP level 6. HP: 26/39 MP: 6/6
  2664 | D:4      | Slain by a gnoll

Skill      XL: |  1  2  3  4  5 |
---------------+----------------+-----
Maces & Flails | 3 4 |  4.2
Dodging        | 1 |  1.9
Fighting       | 4 |  4.3
Armour         | 4 |  4.5
Shields        | |  3.2

Action                   |  1- 3 |  4- 6 || total
-------------------------+-------+-------++-------
Melee: Flail             |   146 |   127 ||   273
  Eat: Chunk             |     1 |     4 ||     5
Armor: Scale mail        |    98 |    64 ||   162
Dodge: Dodged            |    43 |    44 ||    87
Block: Shield            |    86 |    73 ||   159
